 Dungeon Crawl Stone Soup version 0.21.1-1-g345015f (webtiles) character file.

5656 letownia2 the Nimble (level 10, -6/79 HPs)
             Began as a Merfolk Ice Elementalist on Feb 15, 2018.
             Was an Elder of Cheibriados.
             Mangled by an orc warrior
             ... wielding a +0 war axe
              (27 damage)
             ... in a bailey.
             The game lasted 00:42:46 (3835 turns).

letownia2 the Nimble (Merfolk Ice Elementalist)     Turns: 3835, Time: 00:42:47

Health: -6/79      AC:  3    Str: 22    XL:     10   Next: 74%
Magic:  4/18       EV: 22    Int: 26    God:    Cheibriados [****..]
Gold:   219        SH:  0    Dex: 25    Spells: 0/19 levels left

rFire    . . .     SeeInvis .   H - +1 whip (elec)
rCold    . . .     Gourm    .   (no shield)
rNeg     . . .     Faith    .   m - +0 leather armour
rPois    .         Spirit   .   w - +0 hat
rElec    .         Reflect  .   K - scarf {cloud immunity}
rCorr    .         Harm     .   (no gloves)
MR       .....                  (no boots)
Stlth    +++.......             (no amulet)
HPRegen  0.23/turn              n - ring of wizardry
MPRegen  0.16/turn              J - +5 ring of strength

@: very slow
A: change form in water, swift swim, stealthy swim
a: Bend Time, Temporal Distortion, Slouch, Renounce Religion


You were in a bailey.
You worshipped Cheibriados.
Cheibriados was greatly pleased with you.
You were hungry.

You visited 1 branch of the dungeon, and saw 11 of its levels.
You also visited: Bailey.

You collected 219 gold pieces.

Inventory:

Hand Weapons
 a - a +1 flail of draining
 b - a +2 mace of protection
 g - a +0 spear
 k - a +2 long sword of electrocution
 v - a +0 trident
 A - a +1 spear
 B - a +2 hunting sling of freezing
 H - a +1 whip of electrocution (weapon)
Missiles
 z - 7 silver tomahawks (quivered)
 C - 13 sling bullets
Armour
 e - a +0 scale mail
 m - a +0 leather armour (worn)
 u - a +0 ring mail
 w - a +0 hat (worn)
 K - a scarf of cloud immunity (worn)
Jewellery
 i - an uncursed ring of fire
 n - a ring of wizardry (left hand)
 t - an uncursed ring of flight
 J - a +5 ring of strength (right hand)
Wands
 l - a wand of clouds (1)
 I - a wand of polymorph (17)
Scrolls
 f - a scroll of noise
 o - 3 scrolls of amnesia
 q - 2 scrolls of enchant weapon
 r - 2 scrolls of immolation
 x - a scroll of identify
 D - a scroll of remove curse {unknown}
 F - a scroll of fog {unknown}
 G - a scroll of teleportation
Potions
 d - 2 potions of flight
 h - 3 potions of heal wounds
 j - 2 potions of curing
 p - a potion of brilliance
 s - a potion of berserk rage
Books
 y - a book of Frost

   Spells                             Type                      Level
   a - Freeze                         Ice                          1
   b - Throw Frost                    Conjuration/Ice              2
   c - Ozocubu's Armour               Charms/Ice                   3
   d - Throw Icicle                   Conjuration/Ice              4
   e - Summon Ice Beast               Ice/Summoning                4
 E - a book of Maledictions

   Spells                             Type                      Level
   a - Corona                         Hexes                        1
   b - Ensorcelled Hibernation        Hexes/Ice                    2
   c - Confuse                        Hexes                        3
   d - Tukima's Dance                 Hexes                        3
   e - Dazzling Spray                 Conjuration/Hexes            3
Comestibles
 c - 6 rations


   Skills:
 - Level 7.6 Fighting
 - Level 2.0 Polearms
 - Level 2.2 Armour
 - Level 9.9 Dodging
 - Level 2.9 Stealth
 - Level 5.3 Spellcasting
 - Level 3.0 Conjurations
 - Level 2.1 Hexes
 - Level 3.4 Charms
 - Level 3.0 Summonings
 - Level 7.0 Ice Magic
 + Level 5.2 Invocations


You couldn't memorise any spells.
You knew the following spells:

 Your Spells              Type           Power        Failure   Level  Hunger
a - Freeze                Ice            ####         1%          1    None
d - Throw Icicle          Conj/Ice       ####....     4%          4    ###....
e - Ensorcelled Hibernat  Hex/Ice        ####..       1%          2    None
f - Throw Frost           Conj/Ice       ####..       1%          2    None
i - Summon Ice Beast      Ice/Summ       ####....     4%          4    ###....
o - Ozocubu's Armour      Chrm/Ice       ####....     1%          3    #......
x - Dazzling Spray        Conj/Hex       ###...       3%          3    #......


Dungeon Overview and Level Annotations

Branches:
Dungeon (11/15)            Temple (0/1) D:6            Lair (0/6) D:9
    Orc: D:9-12

Altars:
Cheibriados
Elyvilon
Makhleb
Trog
Uskayaw
Wu Jian
Xom

Shops:
D:6 (

Annotations:
D:6 teukkam's ghost, novice MiBe
D:8 Erica; Grum


Message History

You hit the orc warrior but do no damage.
The orc warrior is almost dead.
The gnoll hits you with a hand axe! The orc warrior completely misses you.
The kobold throws a tomahawk of returning.
The tomahawk of returning closely misses you.
The weapon returns to the kobold!
You hit the orc warrior but do no damage.
The orc warrior is almost dead.
The gnoll hits you with a hand axe.
The orc warrior hits you with a war axe!!!
* * * LOW HITPOINT WARNING * * *
The orc knight roars a battlecry!
The kobold throws a tomahawk of returning.
The tomahawk of returning misses you.
You hear a shout! x3
You hit the orc warrior but do no damage.
The orc warrior is almost dead.
The gnoll closely misses you.
The orc warrior hits you with a war axe!!
You die...

..# ##≈.≈#
#'# K≈.≈. ..#
###≈o≈###'#
KK≈o≈. ..#
'###≈o≈###'#
....≈K≈..((#
#'###≈g≈###(#
#...K≈@≈((((#
#'###≈o(###'#
#∩..†≈.≈...∩#
######'######
▓.∩.▓ ▓^(^▓
▓.∩.▓ ▓▓▓▓▓
▓)▓


You could see an orc knight, 2 orc warriors, a gnoll, an orc and 4 kobolds.

Vanquished Creatures
  A two-headed ogre (D:9)
  Pikel (D:9)
  Joseph (D:9)
  Grinder (D:4)
  A hippogriff (D:8)
  9 yaks (D:9)
  Edmund (D:5)
  4 orc warriors
  2 black bears
  A slave (D:9)
  An ice beast (D:9)
  A necrophage (D:7)
  A centaur (D:10)
  A crocodile (D:9)
  A big kobold (D:7)
  3 bullfrogs
  A water moccasin skeleton (D:9)
  3 scorpions
  A wight (D:7)
  5 electric eels (D:10)
  3 crimson imps
  2 bullfrog zombies (D:10)
  3 hounds
  2 jellies (D:10)
  2 orc wizards
  2 bullfrog skeletons (D:10)
  4 iguanas
  4 worker ants
  2 hound skeletons
  A gnoll (D:3)
  5 adders
  A shadow imp (D:10)
  2 adder skeletons
  A worm (D:3)
  2 dart slugs
  4 leopard geckos
  20 orcs
  3 bats
  2 giant cockroaches
  4 jackals
  3 quokkas
  A frilled lizard (D:2)
  13 goblins
  14 kobolds
  A leopard gecko zombie (D:3)
  A quokka skeleton (D:7)
  3 rats
  A fungus (D:9)
146 creatures vanquished.

Vanquished Creatures (collateral kills)
  A hippogriff (D:9)
  A yak (D:9)
  A hungry ghost (D:8)
  A slave (D:9)
  A wight (D:6)
5 creatures vanquished.

Vanquished Creatures (others)
  2 fungi (D:9)
  2 plants (D:9)
4 creatures vanquished.

Grand Total: 155 creatures vanquished

Notes
Turn   | Place    | Note
-------+----------+-------------------------------------------
     0 | D:1      | letownia2 the Merfolk Ice Elementalist began the quest for the Orb.
     0 | D:1      | Reached XP level 1. HP: 13/13 MP: 3/3
    89 | D:2      | Reached XP level 2. HP: 12/19 MP: 0/5
   340 | D:3      | Learned a level 2 spell: Throw Frost
   344 | D:3      | Reached XP level 3. HP: 13/24 MP: 2/6
   430 | D:3      | Learned a level 3 spell: Ozocubu's Armour
   485 | D:3      | Found a snail-covered altar of Cheibriados.
   495 | D:3      | Became a worshipper of Cheibriados the Contemplative
   786 | D:3      | Reached XP level 4. HP: 11/30 MP: 3/7
   903 | D:4      | Noticed Grinder
   903 | D:4      | Paralysed by Grinder for 6 turns
   916 | D:4      | Paralysed by Grinder for 4 turns
   929 | D:4      | Paralysed by Grinder for 2 turns
   948 | D:4      | Killed Grinder
   948 | D:4      | Reached skill level 4 in Dodging
   948 | D:4      | Reached skill level 5 in Ice Magic
   948 | D:4      | Reached XP level 5. HP: 29/35 MP: 5/9
   948 | D:4      | Reached XP level 6. HP: 34/41 MP: 5/10
  1015 | D:5      | Entered Level 5 of the Dungeon
  1015 | D:5      | Found an ornate altar of the Wu Jian Council.
  1063 | D:5      | Noticed Edmund
  1080 | D:5      | Killed Edmund
  1080 | D:5      | Reached skill level 1 in Fighting
  1080 | D:5      | Reached skill level 1 in Invocations
  1135 | D:5      | Reached XP level 7. HP: 49/49 MP: 2/11
  1161 | D:6      | Found a hide-covered altar of Uskayaw.
  1178 | D:6      | Reached skill level 5 in Dodging
  1195 | D:6      | Noticed a hand axe
  1195 | D:6      | Noticed a dagger
  1249 | D:6      | Found a shimmering altar of Xom.
  1280 | D:6      | Found a staircase to the Ecumenical Temple.
  1298 | D:6      | Noticed teukkam's ghost (novice MiBe)
  1323 | D:6      | HP: 2/49 [teukkam's ghost (1)]
  1347 | D:7      | Learned a level 4 spell: Summon Ice Beast
  1369 | D:7      | Found a burning altar of Makhleb.
  1416 | D:7      | Reached * piety under Cheibriados
  1416 | D:7      | Reached skill level 1 in Summonings
  1683 | D:7      | Found a bloodstained altar of Trog.
  1748 | D:7      | Found a white marble altar of Elyvilon.
  1851 | D:8      | Noticed Erica
  1946 | D:9      | Reached XP level 8. HP: 38/57 MP: 3/13
  1991 | D:9      | Noticed a two-headed ogre
  2047 | D:8      | HP: 2/58 [bullfrog (6)]
  2112 | D:8      | Noticed Grum
  2273 | D:8      | Reached skill level 1 in Armour
  2385 | D:8      | Noticed a hippogriff
  2386 | D:8      | Reached skill level 6 in Dodging
  2456 | D:6      | Reached ** piety under Cheibriados
  2478 | D:6      | Found Iregacomp's Weapon Shoppe.
  2617 | D:9      | Reached XP level 9. HP: 66/66 MP: 5/15
  2651 | D:9      | Reached skill level 7 in Dodging
  2674 | D:9      | Reached skill level 5 in Fighting
  2681 | D:9      | Noticed Joseph
  2703 | D:9      | Killed Joseph
  2703 | D:9      | Reached skill level 8 in Dodging
  2703 | D:9      | Reached skill level 5 in Spellcasting
  2754 | D:9      | Learned a level 4 spell: Throw Icicle
  2776 | D:9      | Killed a two-headed ogre
  2776 | D:9      | Reached skill level 9 in Dodging
  2776 | D:9      | Reached XP level 10. HP: 31/77 MP: 12/18
  2866 | D:9      | Learned a level 2 spell: Ensorcelled Hibernation
  2950 | D:9      | Found a staircase to the Lair.
  3059 | D:9      | Reached skill level 1 in Hexes
  3070 | D:9      | Reached *** piety under Cheibriados
  3071 | D:9      | Noticed Pikel
  3084 | D:9      | Killed Pikel
  3288 | D:10     | Entered Level 10 of the Dungeon
  3595 | D:10     | Learned a level 3 spell: Dazzling Spray
  3675 | D:10     | Reached **** piety under Cheibriados
  3736 | D:11     | Found a flagged portal.
  3753 | Bailey   | Entered a bailey
  3822 | Bailey   | Noticed an orc knight
  3830 | Bailey   | Reached skill level 5 in Invocations
  3835 | Bailey   | Mangled by an orc warrior

Skill      XL: |  1  2  3  4  5  6  7  8  9 10 |
---------------+-------------------------------+-----
Ice Magic      | 4 5 6 7 |  7.0
Dodging        | 4 5 6 9 |  9.9
Spellcasting   | 3 4 5 |  5.3
Charms         | 2 3 |  3.4
Fighting       | 1 2 4 6 7 |  7.6
Polearms       | 2 |  2.0
Invocations    | 1 2 3 5 |  5.2
Summonings     | 2 3 |  3.0
Armour         | 2 |  2.2
Conjurations   | 2 3 |  3.0
Hexes          | 2 |  2.1
Stealth        | |  2.9

Action                   |  1- 3 |  4- 6 |  7- 9 | 10-12 || total
-------------------------+-------+-------+-------+-------++-------
Melee: Spear             |    39 |     7 |       |       ||    46
       Unarmed           |       |    34 |       |       ||    34
       Flail             |       |       |   121 |    32 ||   153
       Mace              |       |       |    57 |       ||    57
       Whip              |       |       |       |   101 ||   101
       Tailslap          |       |       |       |     2 ||     2
 Fire: Hunting sling     |       |       |     5 |     1 ||     6
Throw: Tomahawk          |       |       |       |     3 ||     3
 Cast: Freeze            |    36 |    14 |    77 |     6 ||   133
       Ozocubu's Armour  |     1 |       |    19 |    11 ||    31
       Throw Frost       |       |     2 |     2 |    21 ||    25
       Summon Ice Beast  |       |       |     2 |     5 ||     7
       Dazzling Spray    |       |       |       |     6 ||     6
       Throw Icicle      |       |       |       |     2 ||     2
       Ensorcelled Hiber |       |       |       |     2 ||     2
Invok: Bend Time         |       |       |     4 |       ||     4
Evoke: Wand              |       |       |     3 |       ||     3
  Use: Potion            |       |     3 |     1 |       ||     4
       Scroll            |       |     2 |     9 |       ||    11
 Stab: Sleeping          |     4 |       |     3 |     2 ||     9
       Confused          |       |       |     1 |       ||     1
       Invisible         |       |       |       |     2 ||     2
       Distracted        |       |       |       |     1 ||     1
  Eat: Chunk             |       |     2 |     4 |     3 ||     9
       Ration            |       |       |     1 |       ||     1
Armor: Robe              |    13 |       |       |       ||    13
       Skin              |       |    30 |       |       ||    30
       Leather armour    |       |     1 |    83 |    24 ||   108
Dodge: Dodged            |    42 |    14 |   211 |   210 ||   477
